[Event "French-ch U16-U18 2024"]
[Site "Agen"]
[Date "2024.04.16"]
[Round "4.18"]
[White "Siffert, Arman"]
[Black "Belkaid, Sohan"]
[Result "1/2-1/2"]
[ECO "D35"]
[WhiteElo "2150"]
[BlackElo "2412"]
[Annotator "TA"]
[PlyCount "120"]
[EventDate "2024.04.14"]
[EventType "swiss"]
[EventCountry "FRA"]
[SourceTitle "playchess.com"]
[Source "ChessBase"]
[SourceQuality "1"]
[TimeControl "5400+30"]

1. d4 d5 2. c4 e6 3. Nc3 Nf6 4. cxd5 exd5 5. Bg5 c6 6. e3 Bd6 7. Bd3 O-O 8. Qc2 h6 9. Bh4 Re8 10. Nf3 Be6 11. Ne5 c5 12. f4 (12. O-O $11 {is superior.}) 12... cxd4 $15 {[%emt 0:24:23] Black is slightly better.} 13. exd4 Qb6 14. O-O-O {[%emt 0:20:49] Threatens to win with f5.} Nc6 (14... Qxd4 $2 15. Bh7+ Nxh7 16. Rxd4 $18) 15. Nxc6 bxc6 16. Bxf6 gxf6 17. Qd2 (17. Na4 $11 {remains equal.} Bxf4+ 18. Kb1) 17... Rab8 $1 $17 {[%emt 0:06:06][%cal Od6f4] ...Bxf4! is the strong threat.} (17... Qxd4 $2 18. Bh7+ Kxh7 19. Qxd4 $18) 18. Rdf1 Bd7 (18... Qxd4 $2 19. Bh7+ Kxh7 20. Qxd4 $18) (18... Kg7 $17 {[%cal Oe6g4] aiming for ...Bg4!} 19. f5 Bd7) 19. Rf3 (19. b3 $15 {deserves consideration.}) 19... f5 (19... Qxd4 $2 20. Bh7+ Kxh7 21. Qxd4 $18) (19... Kf8 $1 $17 20. Bb1 f5) 20. Bb1 (20. Qf2 $11) 20... Qd8 (20... Qb7 $15 21. Rg3+ Kh7) 21. Rhf1 Qf6 22. Rh3 Rb4 23. Rd1 Reb8 (23... Rc4 $5 24. b3 Ba3+ 25. Kc2 Rb4 $17) 24. b3 Rc8 25. Bc2 Be6 26. Kb1 Rcb8 27. Rf3 (27. Ne2 $11) 27... a5 $15 28. Kc1 (28. Qf2 $15) 28... c5 $1 $17 29. dxc5 Bxc5 30. Qd3 (30. Qe1 $17) 30... Rd4 $19 31. Qe2 Rc8 $2 (31... Ba3+ $19 32. Kb1 Rxf4 (32... Rxd1+ 33. Nxd1 d4 34. Qe5 $15)) 32. Kb1 $15 Rxd1+ 33. Qxd1 (33. Nxd1 $15 Bd6 34. Nb2) 33... Ba3 34. Qd3 Bf8 $1 {[%emt 0:00:35] White must now prevent ...Bg7.} 35. Nxd5 Bxd5 36. Qxd5 Bg7 (36... Re8 $1 $17 {( -> ...Ba3)} 37. Rg3+ (37. Qxa5 $2 Bg7 $19) 37... Bg7 38. Rxg7+ (38. Bxf5 $2 Qb2#) 38... Kxg7 (38... Qxg7 39. Qxa5 Qxg2 40. a4 $17)) 37. Qe5 $1 $11 (37. Qxa5 $2 Qb2#) 37... Qb6 $2 (37... Qh4 $11 {and Black has nothing to worry.} 38. Qe2 (38. Qxf5 $2 Qe1+) (38. Qxa5 Qe7 $11) (38. Rg3 $2 Qxg3 39. hxg3 Bxe5 $19) 38... Qxh2 39. Bxf5 Rb8) 38. Qe3 $2 {[%emt 0:00:42] [#]} (38. Qxf5 $2 Qg1+) ({White must play} 38. Rg3 $18 f6 39. Qd5+ (39. Qxf5 Qg1+ 40. Kb2 Qd4+ 41. Kc1 Qg1+ 42. Kd2 Qf2+ 43. Kc1 Qg1+ 44. Kd2 Qf2+ 45. Kc1 Qg1+ $11) 39... Kf8 40. Rd3 (40. Qxf5 Qg1+ 41. Kb2 Qd4+ 42. Kb1 Qg1+ 43. Kb2 Qd4+ 44. Ka3 Qd6+ 45. Kb2 Qd4+ $11)) 38... Qf6 (38... Qc6 $1 $17 39. Qe2 (39. Bxf5 $2 Re8 $19) 39... Re8) 39. Qe5 $1 Qc6 $40 {[%emt 0:00:21][%mdl 128] Black attacks.} 40. Qe2 {[%emt 0:01:17] [#] Active counter play!} (40. Qxf5 $11 {was the only way to keep the balance.} Re8 41. Rd3 (41. Qxa5 $2 Qf6 $19)) 40... Re8 {[%emt 0:00:13] White is weak on the dark squares} ({Better is} 40... a4 $1 $17 41. Qc4 (41. bxa4 $2 {perishes.} Qf6 $19) 41... Qb7) 41. Re3 $1 Rc8 {[%emt 0:00:42][%mdl 1024] Black has compensation.} 42. Rd3 (42. Bxf5 $2 Qc1#) (42. Qc4 $11 {keeps the balance.} Qa8 43. Qe2) 42... Qc5 (42... a4 $17 {...axb3 would now be deadly.} 43. b4 (43. bxa4 $2 {is the wrong capture.} Qf6 $19) 43... a3) 43. Re3 Kf8 {[%emt 0:00:22] Hoping for ...Qd4.} 44. Qd2 Bc3 45. Qc1 a4 46. g3 (46. bxa4 $11 Bf6 47. Qd2) 46... Bd4 $17 47. Rd3 axb3 48. Rxb3 Bf6 $2 ({Black should play} 48... Kg8 $17 {Strongly threatening ...Bf6.} 49. Qd2 Bf6) 49. Qa3 $14 Kg7 50. Qxc5 Rxc5 $16 {[%emt 0:00:01][%mdl 4096] Endgame. KRB-KRB} 51. a4 Bd4 52. Rb5 (52. Rd3 $16 Bg1 53. h4) 52... Rxb5+ $11 53. axb5 {[%emt 0:00:01] KB-KB} Kf6 54. Ka2 Bg1 {[%emt 0:00:08][%cal Bd4g1,Bg1h2,Bh2f4][%mdl 32] The position is equal.} 55. h3 Bh2 56. g4 fxg4 57. hxg4 Bxf4 58. Kb3 Kg5 59. Bd1 f5 60. gxf5 Kxf5 {[%emt 0:00:05] Weighted Error Value: White=0.39/Black=0.33.  Loses game:     	---       	Black=1      Missed win:     	White=1     	Black=1      Mistake:       	White=12    	Black=8      Inaccurate:     	White=4     	Black=4      OK:         	White=17    	Black=12     Best:        	White=2     	Black=5      Strong:       	White=3     	Black=3} 1/2-1/2

[Event "French-ch U16-U18 2024"]
[Site "Agen"]
[Date "2024.04.16"]
[Round "4.19"]
[White "Bat, Bilguun"]
[Black "Mendoza, Mael"]
[Result "0-1"]
[ECO "D00"]
[WhiteElo "2360"]
[BlackElo "2088"]
[Annotator "TA"]
[PlyCount "54"]
[EventDate "2024.04.14"]
[EventType "swiss"]
[EventCountry "FRA"]
[SourceTitle "playchess.com"]
[Source "ChessBase"]
[SourceQuality "1"]
[TimeControl "5400+30"]

1. d4 Nf6 2. Nc3 d5 3. Bf4 g6 4. e3 Bg7 5. h4 h5 6. Nf3 (6. Nb5 $5 Na6 $8 7. Nc3 $11) 6... O-O 7. Ne5 c5 8. Qd2 {[%emt 0:00:31] The position is equal.} cxd4 9. exd4 Bf5 10. f3 Nc6 11. Bb5 Qb6 (11... Nxe5 $11 12. dxe5 d4 13. exf6 dxc3 14. Qxd8 Rfxd8 15. fxg7 (15. fxe7 Re8 $17) 15... cxb2) 12. O-O-O $2 {[%emt 0:04:48] [#]} (12. Bxc6 $16 {keeps the pressure on.} bxc6 13. Na4) 12... Nb4 $1 $17 {[%emt 0:07:31][%cal Of8c8] Strongly threatening ...Rfc8!} 13. Ba4 Rac8 {[%emt 0:05:08][%cal Oc8c3] ...Rxc3! is the strong threat.} (13... Rfc8 {seems wilder.} 14. Kb1 Rxc3 15. Qxc3 Nxc2 16. Bxc2 Rc8) 14. Bb3 $2 {[%emt 0:15:20] [#] This costs White the game.} (14. Kb1 $1 $15) 14... Bxc2 $1 $19 15. Bxc2 $2 {[%emt 0:07:57] [#]} (15. Rde1 Bxb3 16. axb3) 15... Rxc3 $1 16. Qxc3 Nxa2+ 17. Kd2 Nxc3 18. bxc3 Rc8 19. Rb1 {[%emt 0:04:24] Prevents Qb2} Qa5 20. Rb3 Ne8 {[%emt 0:01:46] ...Nc7 would now be deadly.} 21. g4 Nd6 {[%emt 0:06:09][%cal Oc8c3] aiming for ...Rxc3!} 22. Bd3 Bxe5 23. dxe5 Nc4+ 24. Kc1 Qa1+ {[%emt 0:02:28] Black mates.} 25. Bb1 Na5 26. Rb5 Qxc3+ 27. Kd1 Qxf3+ {[%emt 0:00:35] Weighted Error Value: White=1.41/Black=0.13 (very precise) .  Loses game:     	White=1     	---        Mistake:       	White=2     	Black=1      Inaccurate:     	White=1     	Black=1      OK:         	White=3     	Black=5      Best:        	White=1     	Black=1      Strong:       	---       	Black=2      Brilliant:      	---       	Black=1} 0-1

[Event "French-ch U16-U18 2024"]
[Site "Agen"]
[Date "2024.04.16"]
[Round "4.20"]
[White "Warnier, Yanis"]
[Black "Tulliez, Andre"]
[Result "0-1"]
[ECO "B90"]
[WhiteElo "2116"]
[BlackElo "2157"]
[Annotator "TA"]
[PlyCount "66"]
[EventDate "2024.04.14"]
[EventType "swiss"]
[EventCountry "FRA"]
[SourceTitle "playchess.com"]
[Source "ChessBase"]
[SourceQuality "1"]
[TimeControl "5400+30"]

1. e4 c5 2. Nf3 d6 3. d4 cxd4 4. Nxd4 Nf6 5. Nc3 a6 6. Rg1 e5 7. Nb3 h5 8. h3 Be6 9. Be3 {[%emt 0:07:10] White has an edge.} Nbd7 10. Qf3 h4 11. O-O-O Rc8 12. Nd5 Bxd5 13. exd5 Qc7 14. c3 Be7 15. g4 hxg3 16. fxg3 Nb6 17. g4 (17. Kb1 $14) 17... Nbxd5 $1 $11 18. Rxd5 (18. Bd2 $1 $11 e4 19. Qg3) 18... Qc6 $1 $15 19. Bg2 $1 {[%emt 0:05:06][%cal Of3d1] [#] Threatens to win with Qd1!} e4 $1 ({Don't play} 19... Qxd5 $6 20. Qxd5 Nxd5 21. Bxd5 Rxh3 22. Bb6 $16 (22. Bxb7 $2 Rc7 $19)) 20. Qf5 g6 (20... Nxd5 $2 {too greedy.} 21. Bxe4 Nxe3 22. Bxc6+ Rxc6 23. Qe4 $18 (23. Qf3 Nc4 $18)) 21. Rxd6 gxf5 22. Rxc6 bxc6 23. gxf5 Rg8 24. Nd2 Nd5 25. Bxe4 Kd7 26. Re1 ({Better is} 26. Rxg8 $11 Rxg8 27. Bd4) 26... Bh4 27. Re2 Rce8 $36 {[%emt 0:02:11][%mdl 2048] Black is more active.} 28. Kc2 Rg3 29. Bd4 Rxh3 30. Nc4 ({White should play} 30. Rg2 $15) 30... Bf6 $17 31. Rd2 $2 {[%emt 0:03:06][%mdl 8192] [#]} Rxe4 $19 {[%emt 0:00:55] Black is clearly winning.} 32. Bxf6 Rxc4 33. b3 Rcxc3+ {[%emt 0:00:43] Weighted Error Value: White=0.41/Black=0.06 (flawless) .  Loses game:     	White=1     	---        Mistake:       	White=4     	---        Inaccurate:     	White=1     	Black=3      OK:         	White=12    	Black=9      Best:        	White=2     	Black=4      Strong:       	White=1     	Black=3} 0-1

[Event "French-ch U16-U18 2024"]
[Site "Agen"]
[Date "2024.04.17"]
[Round "5.1"]
[White "Paralieu, Emma"]
[Black "Pereira-Davoine, Alana"]
[Result "1/2-1/2"]
[ECO "B10"]
[WhiteElo "1775"]
[BlackElo "1780"]
[Annotator "NA RC COMBH"]
[PlyCount "58"]
[EventDate "2024.04.14"]
[EventType "swiss"]
[EventCountry "FRA"]
[SourceTitle "playchess.com"]
[Source "ChessBase"]
[SourceQuality "1"]
[TimeControl "5400+30"]

1. e4 c6 2. Nf3 d5 3. d3 dxe4 4. dxe4 Qxd1+ 5. Kxd1 Nf6 6. Nbd2 g6 7. Ne1 Bh6 8. f3 O-O 9. Nd3 Rd8 10. Be2 Na6 11. a4 Nc7 12. c3 Ne6 13. g3 Nd7 14. Kc2 Ndc5 15. Nxc5 Nxc5 16. f4 Be6 17. b4 Nd7 18. Ba3 Nf6 19. b5 Rd7 20. Rad1 Ng4 21. Bxg4 Bxg4 22. Rde1 Rad8 23. Nb3 Bg7 24. h3 Be6 25. Re3 cxb5 26. axb5 Bc4 27. Bc5 Bxb5 28. Ra1 b6 29. Bd4 Bc4 1/2-1/2

[Event "French-ch U16-U18 2024"]
[Site "Agen"]
[Date "2024.04.17"]
[Round "5.2"]
[White "Famel, Diane"]
[Black "Bat, Anu"]
[Result "0-1"]
[ECO "D35"]
[WhiteElo "1888"]
[BlackElo "1887"]
[Annotator "NA RC COMBH"]
[PlyCount "136"]
[EventDate "2024.04.14"]
[EventType "swiss"]
[EventCountry "FRA"]
[SourceTitle "playchess.com"]
[Source "ChessBase"]
[SourceQuality "1"]
[TimeControl "5400+30"]

1. d4 d5 2. c4 e6 3. Nc3 Nf6 4. cxd5 exd5 5. Bg5 c6 6. e3 Bd6 7. Bd3 O-O 8. Nge2 Re8 9. Qc2 h6 10. Bh4 a5 11. O-O Bxh2+ 12. Kh1 Bd6 13. Rad1 Na6 14. a3 Nc7 15. e4 dxe4 16. Nxe4 Be7 17. Bg3 Ncd5 18. Nc5 Bd6 19. Kg1 Bxg3 20. Nxg3 Qc7 21. Rde1 Ne3 22. Rxe3 Rxe3 23. fxe3 Qxg3 24. Qf2 Qxf2+ 25. Rxf2 b6 26. Ne4 Nd5 27. Nd6 Be6 28. e4 Nf6 29. Rc2 Bd7 30. Bc4 Kf8 31. e5 Ng4 32. Bxf7 Ke7 33. Ba2 c5 34. dxc5 bxc5 35. Rxc5 Nxe5 36. Rxe5+ Kxd6 37. Rd5+ Ke7 38. Re5+ Kf6 39. Re4 Rb8 40. b4 axb4 41. axb4 Bf5 42. Rc4 Ra8 43. Rc6+ Ke7 44. Bc4 Bd7 45. Rg6 Kf8 46. b5 Rb8 47. b6 Bf5 48. Rc6 Bd7 49. Rc7 Ke8 50. Be6 Bxe6 51. Rxg7 Bf7 52. Rh7 Rxb6 53. Rh8+ Ke7 54. Ra8 Kf6 55. Ra3 Rb5 56. Kh2 Be6 57. Rf3+ Kg6 58. Rg3+ Rg5 59. Ra3 Bd5 60. Ra6+ Kh5 61. Rd6 Rxg2+ 62. Kh3 Rg5 63. Rf6 Be4 64. Rb6 Rf5 65. Rb4 Re5 66. Kg3 Kg5 67. Rb8 Rc5 68. Rg8+ Bg6 0-1

[Event "French-ch U16-U18 2024"]
[Site "Agen"]
[Date "2024.04.17"]
[Round "5.3"]
[White "Fesigny, Oceane"]
[Black "Roy, Suvrojita"]
[Result "1-0"]
[ECO "B84"]
[WhiteElo "1829"]
[BlackElo "1665"]
[Annotator "NA RC COMBH"]
[PlyCount "105"]
[EventDate "2024.04.14"]
[EventType "swiss"]
[EventCountry "FRA"]
[SourceTitle "playchess.com"]
[Source "ChessBase"]
[SourceQuality "1"]
[TimeControl "5400+30"]

1. e4 c5 2. Nf3 d6 3. d4 cxd4 4. Nxd4 Nf6 5. Nc3 e6 6. Be2 a6 7. O-O Be7 8. f4 Nbd7 9. Bf3 Qc7 10. Kh1 Rb8 11. a4 b6 12. Qe1 O-O 13. Qg3 Re8 14. h4 Qc5 15. Be3 Nh5 16. Qh2 Nhf6 17. Nf5 Qb4 18. Nxe7+ Rxe7 19. Rab1 Nc5 20. e5 dxe5 21. fxe5 Ng4 22. Bxg4 Qxg4 23. Rf4 Qg6 24. h5 Qxc2 25. Qg3 Bb7 26. Rf2 Ne4 27. Qxg7+ Kxg7 28. Rxc2 Ng3+ 29. Kh2 Nxh5 30. g4 Rc8 31. Rd2 Rc4 32. gxh5 Rh4+ 33. Kg3 Rxh5 34. Bxb6 Rg5+ 35. Kh4 Rg6 36. Rg1 Re8 37. Rxg6+ hxg6 38. Rd8 Rxd8 39. Bxd8 Bd5 40. Kg5 Bc4 41. b4 Bd3 42. b5 axb5 43. axb5 Bf1 44. b6 Bg2 45. Na4 Bd5 46. Nc5 Kf8 47. b7 Bxb7 48. Nxb7 Kg7 49. Nd6 Kf8 50. Kf6 g5 51. Nxf7 g4 52. Bb6 Ke8 53. Kxe6 1-0

[Event "French-ch U16-U18 2024"]
[Site "Agen"]
[Date "2024.04.17"]
[Round "5.4"]
[White "Lavilledieu, Lily-Mei"]
[Black "Caullychurn, Ambre"]
[Result "1-0"]
[ECO "D94"]
[WhiteElo "1783"]
[BlackElo "1702"]
[Annotator "NA RC COMBH"]
[PlyCount "108"]
[EventDate "2024.04.14"]
[EventType "swiss"]
[EventCountry "FRA"]
[SourceTitle "playchess.com"]
[Source "ChessBase"]
[SourceQuality "1"]
[TimeControl "5400+30"]

1. d4 d5 2. c4 c6 3. Nc3 Nf6 4. Nf3 g6 5. e3 Bg7 6. Bd3 dxc4 7. Bxc4 b5 8. Bd3 Bb7 9. O-O O-O 10. e4 a6 11. Qe2 Nbd7 12. e5 Nd5 13. Nxd5 cxd5 14. Ng5 e6 15. f4 Qe7 16. Qg4 h6 17. Nf3 Qe8 18. Nh4 Kh7 19. f5 exf5 20. Nxf5 Qe6 21. Bxh6 Bxh6 22. Qh4 Kg8 23. Nxh6+ Kg7 24. Rf3 Rh8 25. Raf1 Raf8 26. Bf5 Qb6 27. Bxd7 Rxh6 28. Qf6+ Qxf6 29. Rxf6 Rhh8 30. Rc1 Bc8 31. Rc7 Rd8 32. Bxc8 Rxc8 33. Rfxf7+ Kh6 34. Rxc8 Rxc8 35. Rd7 Rc2 36. Rxd5 Rxb2 37. e6 Re2 38. Re5 Rxe5 39. dxe5 Kg7 40. Kf2 Kf8 41. Ke3 Ke7 42. Kd4 Kxe6 43. h4 a5 44. Kc5 b4 45. Kb5 Kxe5 46. Kxa5 Kf4 47. Kxb4 Kg4 48. a4 Kxh4 49. a5 g5 50. a6 Kg3 51. a7 Kxg2 52. a8=Q+ Kh3 53. Qh1+ Kg3 54. Qg1+ Kf3 1-0

[Event "French-ch U16-U18 2024"]
[Site "Agen"]
[Date "2024.04.17"]
[Round "5.5"]
[White "Akbarova, Ania"]
[Black "Darrort, Nahia"]
[Result "0-1"]
[ECO "E00"]
[WhiteElo "1685"]
[BlackElo "1752"]
[Annotator "NA RC COMBH"]
[PlyCount "136"]
[EventDate "2024.04.14"]
[EventType "swiss"]
[EventCountry "FRA"]
[SourceTitle "playchess.com"]
[Source "ChessBase"]
[SourceQuality "1"]
[TimeControl "5400+30"]

1. d4 Nf6 2. c4 e6 3. g3 Bb4+ 4. Bd2 Bxd2+ 5. Nxd2 O-O 6. e4 d6 7. Ngf3 b6 8. Bg2 Bb7 9. Qc2 Nbd7 10. O-O c5 11. d5 exd5 12. exd5 Ng4 13. Rfe1 Nde5 14. Re2 Re8 15. Rae1 Nxf3+ 16. Nxf3 Rxe2 17. Qxe2 Kf8 18. Qc2 Nf6 19. Re2 Qd7 20. Ng5 Kg8 21. Bh3 Qc7 22. Ne4 Nd7 23. Bf5 Nf8 24. Ng5 h6 25. Nf3 Bc8 26. Nh4 g6 27. Bd3 Bg4 28. f3 Bd7 29. Re7 Re8 30. Qe2 Qd8 31. Rxe8 Bxe8 32. Qe3 Kg7 33. f4 Nh7 34. f5 g5 35. Ng2 Bd7 36. Qe2 Qf6 37. Ne3 Qd4 38. Kf2 Nf6 39. g4 Qe5 40. Ke1 Qd4 41. h3 a6 42. b3 Qc3+ 43. Qd2 Qd4 44. Bf1 Qa1+ 45. Ke2 Qe5 46. Bg2 Ne4 47. Bxe4 Qxe4 48. Kf2 Qf4+ 49. Kg2 Qe4+ 50. Kg1 Qe5 51. Qf2 Qa1+ 52. Kg2 Qe5 53. Nf1 Qe4+ 54. Kg1 Qe5 55. Ng3 Qa1+ 56. Kg2 f6 57. Qe2 Kf7 58. h4 gxh4 59. Ne4 Qe5 60. Kh3 h5 61. Kxh4 hxg4 62. Qxg4 Qh2+ 63. Qh3 Qf4+ 64. Qg4 Qh2+ 65. Qh3 Qf4+ 66. Qg4 Qh2+ 67. Qh3 Qxh3+ 68. Kxh3 Bxf5+ 0-1

[Event "French-ch U16-U18 2024"]
[Site "Agen"]
[Date "2024.04.17"]
[Round "5.6"]
[White "Vallee, Louis"]
[Black "Trevisiol, Antoine"]
[Result "1/2-1/2"]
[ECO "E04"]
[WhiteElo "2270"]
[BlackElo "2235"]
[Annotator "TA"]
[PlyCount "141"]
[EventDate "2024.04.14"]
[EventType "swiss"]
[EventCountry "FRA"]
[SourceTitle "playchess.com"]
[Source "ChessBase"]
[SourceQuality "1"]
[TimeControl "5400+30"]

1. c4 e6 2. g3 d5 3. d4 Nf6 4. Nf3 dxc4 5. Bg2 c5 6. O-O Nc6 7. Ne5 Bd7 8. Na3 cxd4 9. Naxc4 Rc8 10. Qb3 Nxe5 11. Nxe5 Bc6 {[%emt 0:01:21] E04: Open Catalan: 5 Nf3.} 12. Nxc6 bxc6 13. e3 Qb6 14. exd4 Be7 15. Qa4 $146 ({Predecessor:} 15. Qxb6 axb6 16. Bd2 Nd5 17. Bxd5 cxd5 18. Rfc1 Kd7 19. Kf1 Rxc1+ 20. Rxc1 Ra8 21. a3 {½-½ Schoenau,W (2172)-Magyar,O (2317) Landesliga Nord 0203 2002 (6.4)}) 15... O-O 16. b3 Nd5 17. Bb2 Bf6 18. Rac1 Qb5 19. Qc4 Nb4 20. a4 Qxc4 21. Rxc4 Nd5 22. Ba3 Rfd8 23. Rfc1 Rb8 24. Rxc6 Rxb3 25. Bc5 Nc3 26. Bf1 Nxa4 27. Bxa7 g6 {[%emt 0:01:11] [#]} (27... h5 $11 {keeps the balance.}) 28. Rc8 (28. d5 $1 $16) 28... Kg7 29. R8c7 Nb2 30. Ra1 Bxd4 31. Bxd4+ Rxd4 32. Kg2 (32. Ra6 $1 $11 {remains equal.}) 32... Ra4 $17 33. Rb1 Rab4 34. Ra1 Rb7 35. Ra7 Rxa7 36. Rxa7 Nd1 37. Rd7 Nc3 (37... Rb1 $17) 38. Rd3 $1 $11 Kf6 39. Re3 h5 40. Bc4 Ra3 41. h4 (41. Rf3+ $11 Ke7 42. Rd3) 41... Ke7 ({Better is} 41... Nb1 $1 $15) 42. Kf3 (42. Rd3 $11) 42... Kd6 $1 $15 43. Kg2 Kc5 44. Bxe6 fxe6 45. Rxe6 Ra2 46. Rxg6 Ne4 47. g4 ({But not} 47. Kf3 $2 Kd4 (47... Nxf2 48. Rg5+ Kd6 49. Rxh5 $11) 48. Kg2 Nxf2 $19 (48... Rxf2+ $2 49. Kh3 $19)) 47... Rxf2+ 48. Kg1 Rf4 49. gxh5 Rxh4 50. h6 Kd4 51. Kg2 Ke3 52. Ra6 Rg4+ 53. Kh3 Kf4 54. Ra4 Rg6 55. h7 Rh6+ 56. Kg2 Rxh7 (56... Kf5 {is more complex.} 57. Ra5+ Kg4 58. Ra7 Nf6) 57. Ra3 Rb7 58. Rf3+ Kg4 59. Rf8 Rb2+ 60. Kf1 Nc5 61. Ke1 Nd3+ 62. Kd1 Nf4 63. Re8 Kf3 64. Kc1 Nd3+ 65. Kd1 Nc5 66. Kc1 (66. Rf8+ Ke3 67. Rd8 (67. Re8+ Ne4 $15) 67... Rg2) 66... Rh2 67. Rc8 Nb3+ 68. Kb1 Nd4 69. Re8 Nb5 70. Kc1 Nc3 (70... Na3 $17) 71. Re3+ $1 1/2-1/2

[Event "French-ch U16-U18 2024"]
[Site "Agen"]
[Date "2024.04.17"]
[Round "5.7"]
[White "Kuhn, Clement"]
[Black "Kufferath, Camille"]
[Result "1-0"]
[ECO "E02"]
[WhiteElo "2349"]
[BlackElo "2056"]
[Annotator "TA"]
[PlyCount "53"]
[EventDate "2024.04.14"]
[EventType "swiss"]
[EventCountry "FRA"]
[SourceTitle "playchess.com"]
[Source "ChessBase"]
[SourceQuality "1"]
[TimeControl "5400+30"]

1. d4 d5 2. Nf3 Nf6 3. g3 e6 4. c4 Be7 5. Bg2 O-O 6. O-O dxc4 7. Qc2 Bd7 8. Qxc4 Bc6 9. Nc3 Nbd7 10. Qd3 a6 11. Rd1 b5 12. a3 Bd6 (12... Bb7 $11) 13. e4 $16 {[%emt 0:03:01] [#] Threatens to win with e5.} e5 14. Qe2 {[%emt 0:05:23] Strongly threatening dxe5.} Re8 15. dxe5 Nxe5 16. Nxe5 Rxe5 17. Bf4 Re8 18. Rd4 Qe7 19. Bxd6 cxd6 20. Qd2 {[%emt 0:00:44] White is more active.} Qb7 21. Re1 Ng4 (21... a5 $142) 22. Rxd6 a5 (22... Ne5 $16 {is a better defense.}) 23. Qd4 $18 a4 {[%emt 0:00:00] [#]} (23... b4 $142) 24. Rxc6 $1 Qxc6 25. e5 Qe6 26. Bxa8 ({Inferior is} 26. Nxb5 Rad8 27. Qxa4 Nxe5 $17) 26... Nxe5 $2 (26... Rxa8 27. Nxb5 Rb8) 27. Kh1 {[%emt 0:03:45] Weighted Error Value: White=0.05 (flawless) /Black=0.34.  Mistake:       	---       	Black=5      Inaccurate:     	---       	Black=1      OK:         	White=8     	Black=4      Best:        	White=2     	---} 1-0

[Event "French-ch U16-U18 2024"]
[Site "Agen"]
[Date "2024.04.17"]
[Round "5.8"]
[White "Gaudin, Gauthier"]
[Black "Breuil, Tristan"]
[Result "0-1"]
[ECO "B51"]
[WhiteElo "2036"]
[BlackElo "2281"]
[Annotator "TA"]
[PlyCount "92"]
[EventDate "2024.04.14"]
[EventType "swiss"]
[EventCountry "FRA"]
[SourceTitle "playchess.com"]
[Source "ChessBase"]
[SourceQuality "1"]
[TimeControl "5400+30"]

1. e4 c5 2. Nf3 d6 3. Bb5+ Nd7 4. O-O Ngf6 5. Bd3 e6 6. c3 Be7 7. Bc2 b5 8. d4 {[%emt 0:04:29] The position is equal.} Bb7 9. Re1 Rc8 10. a3 (10. a4 $14) 10... Qc7 $11 11. Qe2 a6 12. Nbd2 O-O 13. e5 Nd5 14. exd6 Bxd6 {[%emt 0:02:53] Strongly threatening ...Nf4.} 15. Qe4 N7f6 16. Qh4 Ne7 17. dxc5 Qxc5 18. Nb3 Qh5 19. Qxh5 Nxh5 20. Ng5 Nf6 21. Ne4 Nxe4 22. Bxe4 Bd5 23. Nd2 Rfd8 24. Nf3 h6 25. Bxd5 Nxd5 26. Be3 Bc5 27. Bxc5 Rxc5 28. a4 b4 29. cxb4 Nxb4 30. Re2 Rdd5 31. g3 e5 32. Ra3 f5 33. Kg2 (33. Rc3 $1 $15) 33... e4 $17 34. Ne1 {[%emt 0:00:00] [#]} Rd1 $1 {[%emt 0:01:03] aiming for ...Rcc1. Black is more active.} 35. Rae3 $2 {[%emt 0:01:55][%mdl 8192] Now White is beyond hope.} (35. Rc3 $17 {is more resistant.} Rxc3 36. bxc3) 35... Rcc1 $19 36. Rb3 a5 ({Inferior is} 36... Rxe1 37. Rxe1 Rxe1 38. Rxb4 $11) 37. Rxb4 axb4 {[%emt 0:00:01][%mdl 4096] Endgame. KRR-KRN} 38. Nc2 g5 {[%emt 0:01:34] And now ...g4 would win.} 39. Ne3 {[%emt 0:01:27] [#]} f4 $1 40. Nxd1 {[%emt 0:00:03] KRN-KR} (40. gxf4 Re1) 40... f3+ {[%emt 0:00:05] Black is clearly winning.} 41. Kf1 {[%emt 0:00:04] Rd2 is the strong threat.} fxe2+ 42. Kxe2 Ra1 43. Kd2 Rxa4 44. Kc2 Ra8 45. Ne3 (45. Kb3 $142 Rd8 46. Ne3) 45... Rf8 46. Nd1 Rf3 {[%emt 0:00:19] Weighted Error Value: White=0.39/Black=0.10 (very precise) .  Loses game:     	White=1     	---        Mistake:       	White=3     	---        Inaccurate:     	White=3     	Black=2      OK:         	White=10    	Black=16     Best:        	White=2     	Black=3      Strong:       	---       	Black=1} 0-1